 Dungeon Crawl Stone Soup version 0.18.1-8-gdd0e5ea (webtiles) character file.

37 Mayheim the Stinger (level 3, -4/28 HPs)
             Began as a Naga Venom Mage on June 6, 2016.
             Slain by a gnoll
             ... wielding a +0 spear
              (5 damage)
             ... on level 2 of the Dungeon.
             The game lasted 00:02:51 (933 turns).

Mayheim the Stinger (Naga Venom Mage)                Turns: 933, Time: 00:02:51

Health: -4/28      AC:  3    Str: 10    XL:     3   Next: 41%
Magic:  5/6        EV: 10    Int: 16    God:
Gold:   56         SH:  0    Dex: 11    Spells: 1 memorised, 5 levels left

rFire  . . .     SeeInvis +     l - +0 spear (venom)
rCold  . . .     Gourm    .     a - +0 robe
rNeg   . . .     Faith    .     (no shield)
rPois  +         Spirit   .     (no helmet)
rElec  .         Dismiss  .     (no cloak)
rCorr  .         Reflect  .     k - +0 pair of gloves
SustAt .         Harm     .     (no barding)
MR     .....                    (no amulet)
Stlth  +++.......               (no ring)
                                (no ring)

@: very slow, not resistant to hostile enchantments, fairly stealthy
A: see invisible, deformed body, poison resistance, slowness 2, slow metabolism
1, spit poison 2, AC +1
a: Spit Poison


You were on level 2 of the Dungeon.
You were not hungry.

You visited 1 branch of the dungeon, and saw 2 of its levels.

You collected 56 gold pieces.

Inventory:

Hand Weapons
 e - a +0 short sword
 h - a +0 dagger of venom
 l - a +0 spear of venom (weapon)
Armour
 a - a +0 robe (worn)
 k - a +0 pair of gloves (worn)
Jewellery
 q - a +3 ring of intelligence {unknown}
Scrolls
 d - a scroll of enchant armour {unknown}
 g - a scroll of remove curse {unknown}
 i - a scroll of fog {unknown}
 j - a scroll of fear {unknown}
 o - a scroll of enchant weapon {unknown}
Potions
 f - a potion of lignification {unknown}
 m - a potion of brilliance {unknown}
 n - a potion of haste {unknown}
 p - a potion of flight {unknown}
 r - a potion of curing {unknown}
Books
 b - a Young Poisoner's Handbook

   Spells                             Type                      Level
   a - Sting                          Conjuration/Poison           1
   b - Cure Poison                    Poison                       2
   c - Mephitic Cloud                 Conjuration/Poison/Air       3
   d - Olgreb's Toxic Radiance        Poison                       4
   e - Venom Bolt                     Conjuration/Poison           5
Comestibles
 c - a bread ration


   Skills:
 - Level 1.5 Dodging
 + Level 3.9 Stealth
 - Level 2.0 Spellcasting
 * Level 6.4 Poison Magic


You had 5 spell levels left.
You knew the following spells:

 Your Spells              Type           Power        Failure   Level  Hunger
a - Sting                 Conj/Pois      ##..         8%          1    #......


Dungeon Overview and Level Annotations

Branches:
Dungeon (2/15)

Altars:


Innate Abilities, Weirdness & Mutations

You cannot wear boots.
Your serpentine skin is tough (AC +1).
You have supernaturally acute eyesight.
Armour fits poorly on your strangely shaped body.
Your system is resistant to poisons.
You cover ground very slowly.
You have a slow metabolism.
You can spit poison.


Message History

Press: ? - help, Dir - move target cursor, f/p - gnoll
Aim: a gnoll, wielding a spear (lightly wounded, poisoned)
You reach to attack!
You barely miss the gnoll.
The gnoll is lightly wounded.
The gnoll hits you from afar with a spear.
The gnoll hits you from afar with a spear!
* * * LOW HITPOINT WARNING * * *
Casting: Sting
Confirm with . or Enter, or press ? or * to list all spells.
Aiming: Sting
Press: ? - help, Shift-Dir - straight line, f/p - gnoll
Aim: a gnoll, wielding a spear (moderately wounded, poisoned)
The sting misses the gnoll.
The sting hits the gnoll.
The gnoll is poisoned.
The gnoll is almost dead.
The gnoll hits you from afar with a spear.
* * * LOW HITPOINT WARNING * * *
You kill the gnoll!
The gnoll looks more healthy.
The gnoll hits you from afar with a spear.
You die...

........# #..........#
###.#######..........#
#.###..............#
..
#.....####.........#
#(####.....#
#(........#
##....<.....#
##.###.####
............# #.# #.#
#.[..######.###.#####
#....)g.g.@.........#
#.######............#
#.# ###.#........# ..#
#.#..##..### #...
#.##.......# ....
#.#####....# ..... #.#
..##.# .....! ..< ..#
.# ... .# #


You could see 2 gnolls.

Vanquished Creatures
  A gnoll (D:2)
  An ooze (D:1)
  A giant gecko (D:1)
  4 bats (D:1)
  2 giant cockroaches (D:1)
  2 goblins (D:1)
  3 hobgoblins (D:1)
  A giant newt (D:1)
  4 kobolds (D:1)
  2 rats (D:1)
21 creatures vanquished.

Notes
Turn   | Place    | Note
--------------------------------------------------------------
     0 | D:1      | Mayheim the Naga Venom Mage began the quest for the Orb.
     0 | D:1      | Reached XP level 1. HP: 15/15 MP: 3/3
   376 | D:1      | Reached XP level 2. HP: 20/22 MP: 0/5
   712 | D:1      | Reached skill level 6 in Poison Magic
   729 | D:1      | Reached XP level 3. HP: 25/28 MP: 6/6
   931 | D:2      | HP: 1/28 [gnoll/spear (1)]
   933 | D:2      | Slain by a gnoll

Skill      XL: |  1  2 |
---------------+-------+-----
Poison Magic   | 6 |  6.4
Dodging        | |  1.5
Stealth        | |  3.9
Spellcasting   | |  2.0

Action                   || total
-------------------------++-------
Melee: Unarmed           ||    12
       Short sword       ||     8
       Spear             ||    21
       Dagger            ||    11
 Cast: Sting             ||    19
 Stab: Sleeping          ||     1
Armor: Robe              ||    27
Dodge: Dodged            ||    31
